 Dungeon Crawl Stone Soup version 0.32-a0-666-ge8a88695a4 (webtiles) character file.

Game seed: 11617987595259521092

31 Esekla the Sneak (level 3, 9/26 HPs)
             Began as an Octopode Delver on Mar 10, 2024.
             Quit the game on level 5 of the Dungeon.
             The game lasted 00:01:59 (75 turns).

Esekla the Sneak (Octopode Delver)                    Turns: 75, Time: 00:01:59

Health: 9/26       AC:  1    Str: 11    XL:     3   Next: 22%
Magic:  4/4        EV: 13    Int: 14    God:
Gold:   22         SH:  0    Dex: 13    Spells: 3/3 levels left

rFire   . . .        a - +0 falchion
rCold   . . .        (no shield)
rNeg    . . .        (helmet restricted)
rPois   .            (no amulet)
rElec   .            (no ring)
rCorr   .            (no ring)
SInv    .            (no ring)
Will    .....        (no ring)
Stlth   ++++         (no ring)
HPRegen 0.24/turn    (no ring)
MPRegen 0.09/turn    (no ring)
                     (no ring)

%: no passive effects
@: no status effects
A: almost no armour, amphibious, 8 rings, camouflage 1, gelatinous body 1,
(nimble swimmer 1), tentacles
a: no special abilities


You were on level 5 of the Dungeon.
You visited 1 branch of the dungeon, and saw 1 of its levels.

You collected 22 gold pieces.

Inventory:

Hand Weapons
 a - a +0 falchion (weapon)
Wands
 f - a wand of digging (3)
Scrolls
 b - a scroll of fog
 c - a scroll of identify {unknown}
Potions
 e - a potion of haste


   Skills:
 * Level 3.2 Fighting
 + Level 2.1 Long Blades
 * Level 2.2 Dodging
 + Level 7.2 Stealth
 * Level 0.7 Spellcasting


You had 3 spell levels left.
You didn't know any spells.
Your spell library was empty.

Dungeon Overview and Level Annotations

Branches:
Dungeon (5/15)
 Temple: D:4-7

Altars:
Vehumet

Shops:
D:5 ?

Annotations:
D:5 exclusion: statue


Innate Abilities, Weirdness & Mutations

You cannot wear most types of armour.
You are amphibious.
You can wear up to eight rings at the same time.
Your skin changes colour to match your surroundings (Stealth+).
Your rubbery body absorbs attacks. (AC +1, EV +1)
((You are camouflaged when in or above water. (Stealth+)))
You have tentacles for arms and can constrict up to eight enemies at once.


Message History

You have reached level 3!
Your experience leads to an increase in your attributes!
Increase (S)trength, (I)ntelligence, or (D)exterity?
You feel clever. x2
An orc priest comes into view. It is wielding a +0 flail.
The orc priest shouts, "Surrender to Beogh and we'll let you live!" (press Y on the ability menu to convert to Beogh)
Found a stone staircase leading down.
Found Olyd Wuc's Magic Scroll Emporium.
There is an entrance to Olyd Wuc's Magic Scroll Emporium here.
You can access your shopping list by pressing '$'.
Found a scroll labelled DUANUNUFADI.
An adder comes into view.
Found 7 gold pieces.
You see here a scroll labelled DUANUNUFADI.
c - a scroll labelled DUANUNUFADI The adder hisses angrily.
The orc priest calls down the wrath of Beogh upon you.
Pain shoots through your body! The adder closely misses you.
The adder bites you.
You are poisoned.
The adder poisons you!
You feel sick. The adder barely misses you.
A bombardier beetle comes into view.
Found a radiant altar of Vehumet.
You feel sick.
You feel sick.
As you read the scroll of fear, it crumbles to dust.
You assume a fearsome visage.
The adder looks frightened!
The orc priest looks frightened!
You feel sick.
A frost-covered statue comes into view.
You feel sick.
You are no longer poisoned.
Marking area around a frost-covered statue as unsafe for travelling.
You see here 7 gold pieces.
You now have enough gold to buy a scroll of identify on this level.
You can access your shopping list by pressing '$'.
You now have 22 gold pieces (gained 7).
Found a stone staircase leading up.
Are you sure you want to abandon this character and quit the game? (Confirm with "yes".)

*****,,,,,...**#.......#
*,,,,,,,,,....##.......#
*,**#######.#...........
*,*,......#.#*#.........
*,*,I._.....###...^.....
*,*,,,,,,,#..##.##.o.##.
#.#########...#.#..#.###
#.................##...*
**...#..@##......######..
**...............##,,,,,..
*,..<...............,,,*,.
*,..........#.......,,,,,.
*,..............#....,,**#
**.........##........,,* #
*#...#...####.#....,,,* #
#########**,.##..,,,,* #
**,,,*,***,,,,,,* *


There were no monsters in sight!

Vanquished Creatures
  A hound (D:5)
1 creature vanquished.

Notes
Turn   | Place    | Note
-------+----------+-------------------------------------------
     0 | D:5      | Esekla the Octopode Delver began the quest for the Orb.
     0 | D:5      | Reached XP level 1. HP: 16/16 MP: 1/1
    17 | D:5      | Noticed a hound
    21 | D:5      | Noticed an orc wizard
    32 | D:5      | Killed a hound
    33 | D:5      | Reached skill level 7 in Stealth
    33 | D:5      | Reached XP level 2. HP: 9/21 MP: 1/3
    33 | D:5      | Reached XP level 3. HP: 12/26 MP: 1/4
    39 | D:5      | Found Olyd Wuc's Magic Scroll Emporium.
    64 | D:5      | Found a radiant altar of Vehumet.
    67 | D:5      | Noticed a frost-covered statue
    75 | D:5      | Quit the game

Illustrated notes

Levels and vault maps discovered:
D:5:      layout_rooms, vehumet_statue, serial_shops, shop

Skill      XL: |  1 |
---------------+----+-----
Stealth        | 7 |  7.2
Fighting       | |  3.2
Long Blades    | |  2.1
Dodging        | |  2.2
Spellcasting   | |  0.7

Action                     || total
---------------------------++-------
  Melee: Falchion          ||     6
         Tentacles         ||     2
         Constrict         ||     1
    Use: Scroll            ||     3
 Armour: Skin              ||     5
  Dodge: Dodged            ||     9

Table legend: (Time is in decaauts)
 A = Elapsed time spent in this place.
 B = Non-inter-level travel time spent in this place.
 C = Inter-level travel time spent in this place.
 D = Time resting spent in this place.
 E = Time spent auto-exploring this place.
 F = Levels seen in this place.
 G = Mean time per level.
                   A        B        C        D        E       F      G
               +--------+--------+--------+--------+--------+-----+--------+
         Total |     76 |     76 |      0 |      0 |      0 |   1 |   76.0 |
       Dungeon |     76 |     76 |      0 |      0 |      0 |   1 |   76.0 |
               +--------+--------+--------+--------+--------+-----+--------+

Top non-repeatable levels by time:
     D:5: 76 daAuts
